 Dungeon Crawl Stone Soup version 0.20.1-1-g8b1a95d (webtiles) character file.

56336 zezblit the Carver (level 14, 0/120 HPs)
             Began as a Demonspawn Berserker on Oct 26, 2017.
             Was a High Priest of Trog.
             Slain by a salamander (9 damage)
             ... on level 15 of the Dungeon on Oct 27, 2017.
             The game lasted 02:45:11 (22142 turns).

zezblit the Carver (Demonspawn Berserker)          Turns: 22142, Time: 02:45:12

Health: 0/120      AC: 15    Str: 23      XL:     14   Next: 41%
Magic:  13/13      EV: 17    Int:  9      God:    Trog [*****.]
Gold:   235        SH:  0    Dex: 13 (14) Spells: 13/13 levels left

rFire    . . .     SeeInvis +   X - +8 demon blade (venom)
rCold    + . .     Gourm    .   d - +1 buckler
rNeg     . . .     Faith    .   S - +0 acid dragon scales
rPois    .         Spirit   .   n - +2 hat
rElec    .         Reflect  .   (no cloak)
rCorr    +         Harm     .   k - +0 pair of gloves
MR       +....     Clarity  +   (boots unavailable)
Stlth    ..........             (no amulet)
Regen    0.3/turn               y - ring of protection from cold
MPRegen  0.2/turn               Q - +2 ring of dexterity

@: confused, about to teleport
A: hooves 3, rugged brown scales 3, see invisible, clarity, deterioration 1, low
mp 1, powered by death 3, spiny 1
a: Berserk, Trog's Hand, Brothers in Arms, Burn Spellbooks, Renounce Religion


You were on level 15 of the Dungeon.
You worshipped Trog.
Trog was extremely pleased with you.
You were not hungry.

You visited 2 branches of the dungeon, and saw 17 of its levels.
You also visited: Ossuary.

You collected 1128 gold pieces.
You spent 893 gold pieces at shops.

Inventory:

Hand Weapons
 b - a +3 falchion of draining
 A - a +1 trident of flaming
 X - a +8 demon blade of venom (weapon)
Missiles
 e - 4 poisoned tomahawks
 o - 8 silver tomahawks
 D - 9 tomahawks
 L - a tomahawk of dispersal
 P - 11 javelins of penetration
 R - 4 tomahawks of returning
 T - 3 javelins of returning (quivered)
 U - 6 exploding tomahawks
 V - 3 steel javelins
Armour
 d - a +1 buckler (worn)
 k - a +0 pair of gloves (worn)
 n - a +2 hat (worn)
 G - the +2 scale mail of the Iron Devil {rC+ MP+9 Stlth+}
   (You found it on level 1 of the Lair of Beasts)

   It protects you from cold.
   It affects your magic capacity (+9).
   It makes you more stealthy.
 H - a +2 scale mail of magic resistance
 S - +0 acid dragon scales (worn)
Jewellery
 y - a ring of protection from cold (left hand)
 E - an uncursed ring of protection from fire
 Q - a +2 ring of dexterity (right hand)
Wands
 a - a wand of scattershot (5/9)
 f - a wand of polymorph (9/24)
 m - a wand of digging (4/24)
 p - a wand of digging (7/24)
 v - a wand of lightning (6/15)
 I - a wand of random effects (33/48)
 K - a wand of flame (34/48)
 M - a wand of iceblast (4/15)
Scrolls
 g - 5 scrolls of remove curse
 h - 3 scrolls of fog
 u - 9 scrolls of teleportation
 w - 2 scrolls of magic mapping
 x - 3 scrolls of recharging
 F - a scroll of identify
Potions
 j - 2 potions of brilliance {unknown}
 l - a potion of agility {unknown}
 r - 2 potions of haste
 s - 3 potions of berserk rage
 z - 5 potions of heal wounds
 C - 3 potions of curing
 J - 2 potions of flight {unknown}
 O - a potion of invisibility
 W - 3 potions of cancellation
 Z - a potion of resistance {unknown}
Comestibles
 c - 14 bread rations
 i - 12 meat rations
 t - 3 royal jellies


   Skills:
 + Level 11.2 Fighting
 + Level 13.5 Long Blades
 - Level 0.5 Polearms
 - Level 8.5 Throwing
 + Level 9.5 Armour
 + Level 9.0 Dodging
 - Level 0.2 Stealth
 - Level 6.4 Shields
 - Level 0.6 Evocations


You had 13 spell levels left.
You didn't know any spells.

Dungeon Overview and Level Annotations

Branches:
Dungeon (15/15)              Lair (2/6) D:8             Orc (0/2) D:10
 Vaults (0/5) D:13
 Temple: D:4-7        Swamp: Lair:2-4    Shoals: Lair:2-4     Snake: Lair:2-4
 Spider: Lair:2-4    Depths: D:15

Altars:
Ashenzari
Dithmenos
Elyvilon
Gozag
Hepliaklqana
Kikubaaqudgha
Nemelex Xobeh
Qazlal
Ru
Trog

Shops:
D:8 !   D:11 [   D:14 !(%

Portals:
Trove: D:12 (give horn of Geryon)

Annotations:
D:7 exclusion: oklob plant


Innate Abilities, Weirdness & Mutations

You have hooves in place of feet.
You are completely covered in rugged brown scales. (AC +3, +7% HP)
You regenerate a lot of health from kills.
You are partially covered in sharp spines.
You have supernaturally acute eyesight. (SInv)
You possess an exceptional clarity of mind.
Your body sometimes deteriorates upon taking damage.
Your magical capacity is low. (-10% MP)


Message History

The salamander completely misses you. The nine-headed hydra misses you.
The nine-headed hydra closely misses you.
The nine-headed hydra bites you but does no damage.
The nine-headed hydra bites you!
* * * LOW HITPOINT WARNING * * *
The nine-headed hydra closely misses you.
The nine-headed hydra bites you.
* * * LOW HITPOINT WARNING * * *
You block the nine-headed hydra's attack.
The nine-headed hydra bites you.
* * * LOW HITPOINT WARNING * * *
The nine-headed hydra bites you.
* * * LOW HITPOINT WARNING * * *
You are confused.
You feel invigorated.
The salamander is struck by your spines.
The salamander hits you.
* * * LOW HITPOINT WARNING * * *
You are engulfed in flames!
You die...

+........##.## #...#'###...
#........#... #...#.......
...........#≈.# #...#.......
.#######...#..# #
#...#.......
#...#.####N####..#.......
#......#......#..####....
#....≈..m≈.#$.#.....#####
#.....)########..........
.........D@................
..........N.................
............#########.......
............# #.......
............# ##.)....
..........# #......
####.!....# +######......
#....... .............
#+#..........


You could see a nine-headed hydra and a salamander.

Vanquished Creatures
  Rupert (D:13)
  Gastronok (D:9)
  Louise (D:14)
  A dire elephant (D:15)
  Snorg (D:14)
  A fire dragon (D:13)
  Josephine (D:13)
  The ghost of plantmann the Geomancer, a journeyman GrEE of Vehumet (Lair:1)
  A vault guard (D:12)
  A hydra (D:9)
  2 two-headed ogres
  A catoblepas (D:13)
  4 centaur warriors
  The ghost of Jazqa the Fighter, a journeyman GrFi of the Shining One (Lair:1)
  2 tengu warriors
  Nergalle (D:10)
  The ghost of n0claF the Thaumaturge, a novice DESu of Ru (D:12)
  4 unseen horrors
  3 deep elf magi
  A necromancer (D:13)
  15 ugly things
  A manticore (D:13)
  4 cyclopes
  The ghost of lorenzova the Thaumaturge, a novice DECj of Sif Muna (D:5)
  A rime drake (Lair:2)
  A spiny frog (shapeshifter) (D:14)
  2 gargoyles
  3 centaur skeletons
  A kobold demonologist (D:12)
  3 komodo dragons
  2 tengu conjurers (D:13)
  A freezing wraith (D:14)
  6 trolls
  2 merfolk
  3 meliai (D:13)
  2 hornets
  8 hippogriffs
  8 wraiths
  9 wyverns
  3 hogs (D:10)
  2 shadows
  30 yaks
  A vampire (D:14)
  2 hungry ghosts (D:14)
  6 vampire mosquitoes
  3 acid dragons
  7 water moccasins
  A soldier ant (D:12)
  Duvessa (D:6)
  3 ice beasts
  8 orc warriors
  A sky beast (D:9)
  9 black bears
  3 phantoms
  5 ogres
  7 centaurs
  11 big kobolds
  4 crocodiles
  An elf zombie (Ossuary)
  17 bullfrogs
  A gnoll sergeant (D:3)
  Dowan (D:6)
  A water moccasin zombie (D:8)
  A scorpion (D:8)
  A wyvern skeleton (D:13)
  A water moccasin skeleton (D:7)
  28 killer bees
  3 wights (D:13)
  2 howler monkeys
  4 crimson imps
  A human zombie (Ossuary)
  4 centaur zombies (Ossuary)
  6 hounds
  13 orc wizards
  2 bullfrog skeletons
  11 orc priests
  2 gnoll shamans (D:10)
  3 jellies
  Natasha (thrice) (D:2)
  5 iguanas
  6 worker ants
  2 mummies (Ossuary)
  8 gnolls
  A howler monkey skeleton (D:7)
  15 adders
  5 shadow imps
  2 dart slugs (D:1)
  2 worms
  7 leopard geckos
  52 orcs
  A ball python (D:7)
  7 giant cockroaches
  5 goblins
  8 hobgoblins
  5 jackals
  18 kobolds
  7 quokkas
  6 bats
  7 frilled lizards
  10 hobgoblin zombies (Ossuary)
  3 jackal zombies
  9 kobold zombies (Ossuary)
  8 orc zombies (Ossuary)
  7 rats
  2 rat zombies (Ossuary)
  2 plants (D:10)
526 creatures vanquished.

Vanquished Creatures (collateral kills)
  A hydra (D:13)
  A phantom (D:9)
  A shadow imp (D:9)
3 creatures vanquished.

Vanquished Creatures (others)
  12 fungi (Lair:2)
  4 plants (Lair:2)
16 creatures vanquished.

Grand Total: 545 creatures vanquished

Notes
Turn   | Place    | Note
-------+----------+-------------------------------------------
     0 | D:1      | zezblit the Demonspawn Berserker began the quest for the Orb.
     0 | D:1      | Reached XP level 1. HP: 18/18 MP: 1/1
    85 | D:1      | Gained mutation: You have large cloven feet. [demonic ancestry]
    85 | D:1      | Reached XP level 2. HP: 12/24 MP: 2/2
   119 | D:1      | Reached skill level 3 in Long Blades
   477 | D:1      | Reached ** piety under Trog
   683 | D:2      | Gained mutation: You regenerate a little health from kills. [demonic ancestry]
   683 | D:2      | Reached XP level 3. HP: 29/29 MP: 3/3
  1127 | D:2      | Reached XP level 4. HP: 19/36 MP: 4/4
  1312 | D:2      | Noticed Natasha
  1317 | D:2      | Killed Natasha
  1452 | D:2      | Reached skill level 1 in Throwing
  1564 | D:2      | Noticed Natasha
  1572 | D:2      | Killed Natasha
  1572 | D:2      | Gained mutation: You have hoof-like feet. [demonic ancestry]
  1572 | D:2      | Reached XP level 5. HP: 27/42 MP: 5/5
  1605 | D:2      | Noticed Natasha
  1613 | D:2      | Killed Natasha
  1613 | D:2      | Reached skill level 4 in Long Blades
  1871 | D:2      | Found a stormy altar of Qazlal.
  1966 | D:3      | Found a sparkling altar of Nemelex Xobeh.
  2305 | D:3      | Gained mutation: You are partially covered in rugged brown scales. (AC +1, +3% HP) [demonic ancestry]
  2305 | D:3      | Reached XP level 6. HP: 6/49 MP: 6/6
  2305 | D:3      | HP: 2/73 [gnoll/halberd (5)]
  2316 | D:3      | HP: 1/49 [gnoll/halberd (12)]
  2317 | D:3      | Reached *** piety under Trog
  2761 | D:3      | Found a hazy altar of Hepliaklqana.
  3369 | D:5      | Entered Level 5 of the Dungeon
  3369 | D:5      | Found a sand-covered staircase.
  3374 | Ossuary  | Entered an ossuary
  3481 | Ossuary  | Received a gift from Trog
  3754 | Ossuary  | Reached skill level 5 in Long Blades
  3754 | Ossuary  | Gained mutation: You regenerate health from kills. [demonic ancestry]
  3754 | Ossuary  | Reached XP level 7. HP: 31/56 MP: 7/7
  3914 | D:5      | Gained mutation: Your body sometimes deteriorates upon taking damage. [potion of mutation]
  3914 | D:5      | Gained mutation: Your magical capacity is low. (-10% MP) [potion of mutation]
  3914 | D:5      | Gained mutation: You possess an exceptional clarity of mind. [potion of mutation]
  3914 | D:5      | Gained mutation: You have supernaturally acute eyesight. (SInv) [potion of mutation]
  3934 | D:5      | Reached **** piety under Trog
  4516 | D:5      | Noticed lorenzova's ghost (novice DECj)
  4527 | D:5      | Killed lorenzova's ghost
  4527 | D:5      | Reached skill level 5 in Fighting
  4527 | D:5      | Reached skill level 6 in Long Blades
  4527 | D:5      | Gained mutation: You are mostly covered in rugged brown scales. (AC +2, +5% HP) [demonic ancestry]
  4527 | D:5      | Reached XP level 8. HP: 49/65 MP: 7/7
  4543 | D:5      | Reached skill level 1 in Shields
  5281 | D:6      | Noticed Duvessa
  5281 | D:6      | Noticed Dowan
  5372 | D:6      | Killed Duvessa
  5373 | D:6      | Killed Dowan
  5524 | D:6      | Reached skill level 7 in Long Blades
  6609 | D:7      | Found a bloodstained altar of Trog.
  6609 | D:7      | Noticed an oklob plant
  6659 | D:7      | Gained mutation: You are completely covered in rugged brown scales. (AC +3, +7% HP) [demonic ancestry]
  6659 | D:7      | Reached XP level 9. HP: 67/73 MP: 8/8
  6710 | D:7      | Reached skill level 5 in Armour
  6777 | D:7      | Found a shattered altar of Ashenzari.
  6846 | D:7      | Found a white marble altar of Elyvilon.
  7366 | D:8      | Found Gesachel's Distillery.
  7394 | D:8      | Reached skill level 8 in Long Blades
  7463 | D:8      | Bought a potion of heal wounds for 75 gold pieces
  7463 | D:8      | Bought a potion of curing for 45 gold pieces
  7463 | D:8      | Bought a potion of curing for 45 gold pieces
  7670 | D:8      | Found an ancient bone altar of Kikubaaqudgha.
  7705 | D:8      | Found a staircase to the Lair.
  7710 | Lair:1   | Entered Level 1 of the Lair of Beasts
  7710 | Lair:1   | Noticed Jazqa's ghost (journeyman GrFi)
  7729 | Lair:1   | Killed Jazqa's ghost
  7779 | Lair:1   | Reached XP level 10. HP: 61/82 MP: 9/9
  7815 | Lair:1   | Reached ***** piety under Trog
  8293 | Lair:1   | Got a smelly scale mail
  8304 | Lair:1   | Identified the +2 scale mail of the Iron Devil {rC+ MP+9 Stlth+} (You found it on level 1 of the Lair of Beasts)
  8482 | Lair:1   | Noticed plantmann's ghost (journeyman GrEE)
  8505 | Lair:1   | Killed plantmann's ghost
  8950 | Lair:1   | Reached skill level 5 in Throwing
  8952 | Lair:1   | Reached skill level 9 in Long Blades
  9102 | Lair:2   | Reached skill level 5 in Dodging
  9768 | Lair:2   | Gained mutation: You are partially covered in sharp spines. [demonic ancestry]
  9768 | Lair:2   | Reached XP level 11. HP: 48/90 MP: 9/9
  9883 | Lair:2   | Noticed an eight-headed hydra
 10425 | D:8      | Noticed a two-headed ogre
 10432 | D:8      | Killed a two-headed ogre
 10988 | D:9      | Noticed Gastronok
 11005 | D:9      | Killed Gastronok
 11346 | D:9      | Noticed a two-headed ogre
 11353 | D:9      | Killed a two-headed ogre
 11353 | D:9      | Reached skill level 10 in Long Blades
 11394 | D:9      | Found a shadowy altar of Dithmenos.
 11792 | D:9      | Noticed a six-headed hydra
 11810 | D:9      | Killed a six-headed hydra
 12046 | D:10     | Entered Level 10 of the Dungeon
 12051 | D:10     | Noticed an unseen horror
 12061 | D:10     | Killed an unseen horror
 12065 | D:10     | Found a staircase to the Orcish Mines.
 12190 | D:10     | Received a gift from Trog
 12474 | D:10     | Reached XP level 12. HP: 85/99 MP: 11/11
 13006 | D:11     | Found Dumaeck's Antique Armour Shop.
 13232 | D:11     | Received a gift from Trog
 13311 | D:11     | Reached skill level 5 in Shields
 13468 | D:11     | Found a shadowy altar of Dithmenos.
 14053 | D:10     | Reached skill level 11 in Long Blades
 14120 | D:10     | Received a gift from Trog
 14350 | D:10     | Received a gift from Trog
 14817 | D:10     | Received a gift from Trog
 14855 | D:10     | Noticed Nergalle
 14863 | D:10     | Killed Nergalle
 15047 | D:10     | Got a brightly glowing shield
 15058 | D:10     | Identified the +0 shield "Osteekaw" {+Inv Str+2 Dex-3} (You took it off Nergalle on level 10 of the Dungeon)
 16285 | D:12     | Noticed n0claF's ghost (novice DESu)
 16294 | D:12     | Killed n0claF's ghost
 16311 | D:12     | Noticed a vault guard
 16321 | D:12     | Killed a vault guard
 16371 | D:12     | Reached skill level 12 in Long Blades
 16371 | D:12     | Gained mutation: You have hooves in place of feet. [demonic ancestry]
 16371 | D:12     | Reached XP level 13. HP: 108/108 MP: 12/12
 16703 | D:12     | Found a portal to a secret trove of treasure.
 16815 | D:12     | Identified The Arcane Arts in Simple Steps
 17244 | D:13     | Noticed a fire dragon
 17254 | D:13     | Killed a fire dragon
 17395 | D:13     | Found a gate to the Vaults.
 17497 | D:13     | Noticed Josephine
 17503 | D:13     | Killed Josephine
 17939 | D:13     | Noticed Rupert
 17952 | D:13     | Killed Rupert
 17963 | D:13     | Reached skill level 10 in Fighting
 18260 | D:13     | Received a gift from Trog
 18844 | D:13     | Reached skill level 13 in Long Blades
 19297 | D:13     | Received a gift from Trog
 20161 | D:14     | Got a heavily runed ring mail
 20172 | D:14     | Identified the +2 ring mail "Ustrir Fotots" {rC+} (You found it on level 14 of the Dungeon)
 20200 | D:14     | Noticed Louise
 20220 | D:14     | Killed Louise
 20333 | D:14     | Found an opulent altar of Gozag.
 20383 | D:14     | Gained mutation: You regenerate a lot of health from kills. [demonic ancestry]
 20383 | D:14     | Reached XP level 14. HP: 95/118 MP: 13/13
 20442 | D:14     | Found Emuamm's Food Boutique.
 20467 | D:14     | Bought a meat ration for 65 gold pieces
 20467 | D:14     | Bought a bread ration for 65 gold pieces
 20467 | D:14     | Bought a bread ration for 65 gold pieces
 20467 | D:14     | Bought a bread ration for 65 gold pieces
 20467 | D:14     | Bought a meat ration for 65 gold pieces
 20467 | D:14     | Bought a meat ration for 65 gold pieces
 20467 | D:14     | Bought a meat ration for 65 gold pieces
 20467 | D:14     | Bought a bread ration for 65 gold pieces
 20467 | D:14     | Bought a meat ration for 65 gold pieces
 20551 | D:14     | Found a sacrificial altar of Ru.
 20758 | D:14     | Noticed Snorg
 20774 | D:14     | Killed Snorg
 21014 | D:14     | Found Muto's Distillery.
 21034 | D:14     | Bought a potion of heal wounds for 65 gold pieces
 21034 | D:14     | Bought a potion of curing for 39 gold pieces
 21034 | D:14     | Bought a potion of curing for 39 gold pieces
 21378 | D:14     | Found Hitib's Antique Weapon Shoppe.
 21928 | D:15     | Entered Level 15 of the Dungeon
 22141 | D:15     | HP: 6/120 [nine-headed hydra (4)]
 22142 | D:15     | Slain by a salamander

Skill      XL: |  1  2  3  4  5  6  7  8  9 10 11 12 13 14 |
---------------+-------------------------------------------+-----
Long Blades    | 3 4 5 6 7 8 9 10 12 13 | 13.5
Armour         | 2 3 4 5 6 7 8 9 |  9.5
Dodging        | 2 3 4 5 7 8 9 |  9.0
Throwing       | 1 2 4 5 7 8 |  8.5
Fighting       | 4 5 6 7 8 9 10 11 | 11.2
Shields        | 1 3 4 5 6 |  6.4
Polearms       | |  0.5
Stealth        | |  0.2
Evocations     | |  0.6

Action                   |  1- 3 |  4- 6 |  7- 9 | 10-12 | 13-15 || total
-------------------------+-------+-------+-------+-------+-------++-------
Melee: Falchion          |    74 |   153 |   412 |   559 |       ||  1198
       Kick              |    15 |    55 |   140 |   255 |   138 ||   603
       Trident           |       |       |       |     2 |     3 ||     5
       Demon blade       |       |       |       |   113 |   337 ||   450
Throw: Stone             |    32 |    74 |    14 |       |       ||   120
       Tomahawk          |       |     9 |    59 |   132 |       ||   200
       Throwing net      |       |       |       |     1 |       ||     1
       Javelin           |       |       |       |     3 |     9 ||    12
Invok: Berserk           |     1 |     3 |     5 |     7 |     4 ||    20
       Trog's Hand       |       |       |     4 |     4 |     1 ||     9
       Burn Spellbooks   |       |       |     1 |     1 |     2 ||     4
       Brothers in Arms  |       |       |       |     1 |     1 ||     2
Evoke: Wand              |       |       |       |     3 |       ||     3
  Use: Potion            |     1 |     8 |     5 |       |     3 ||    17
       Scroll            |       |     7 |     5 |    13 |     4 ||    29
  Eat: Chunk             |     2 |     7 |    11 |    23 |     3 ||    46
       Fruit             |       |     2 |       |     4 |     7 ||    13
       Royal jelly       |       |     1 |     2 |       |     3 ||     6
       Bread ration      |       |       |     1 |     1 |     2 ||     4
       Meat ration       |       |       |       |     1 |       ||     1
Armor: Animal skin       |     9 |     2 |       |       |       ||    11
       Ring mail         |       |    60 |   172 |     3 |       ||   235
       Scale mail        |       |       |       |    90 |       ||    90
       Troll leather arm |       |       |       |    35 |       ||    35
       Acid dragon scale |       |       |       |    82 |    80 ||   162
Dodge: Dodged            |    45 |   101 |   247 |   342 |   175 ||   910
Block: Buckler           |       |    11 |    75 |   146 |    74 ||   306
       Rpst.: Falchion   |     8 |    28 |    73 |    75 |       ||   184
       Demon blade       |       |       |       |    11 |    38 ||    49
